 Dungeon Crawl Stone Soup version 0.28-a0-794-gafe8c5f9e9 (webtiles) character file.

Game seed: 1960736963366978985

18 kae the Caller (level 2, -4/22 HPs)
             Began as a Hill Orc Summoner on Nov 5, 2021.
             Hit by a stone thrown by a kobold (6 damage)
             ... on level 1 of the Dungeon.
             The game lasted 00:00:40 (1311 turns).

kae the Caller (Hill Orc Summoner)                  Turns: 1311, Time: 00:00:41

Health: -4/22      AC:  2    Str: 10    XL:     2   Next: 66%
Magic:  2/4        EV: 12    Int: 15    God:
Gold:   40         SH:  0    Dex: 11    Spells: 1/4 levels left

rFire   . . .      SeeInvis .   b - +0 club
rCold   . . .      Faith    .   (no shield)
rNeg    . . .      Spirit   .   a - +0 robe
rPois   .          Reflect  .   (no helmet)
rElec   .          Harm     .   (no cloak)
rCorr   .          Rampage  .   (no gloves)
Will    .....                   (no boots)
Stlth   ++........              (no amulet)
HPRegen 0.07/turn               (no ring)
MPRegen 0.09/turn               (no ring)

@: no status effects
A: no striking features
a: no special abilities


You were on level 1 of the Dungeon.
You visited 1 branch of the dungeon, and saw 1 of its levels.

You collected 40 gold pieces.

Inventory:

Hand Weapons
 b - a +0 club (weapon)
Armour
 a - a +0 robe (worn)
Scrolls
 c - a scroll of fear {unknown}
 d - a scroll of enchant weapon {unknown}
 e - a scroll of holy word {unknown}
 f - a scroll of vulnerability {unknown}


   Skills:
 + Level 0.9 Fighting
 - Level 1.5 Dodging
 * Level 2.0 Stealth
 + Level 1.7 Spellcasting
 * Level 4.2 Summonings


You had one spell level left.
You knew the following spells:

 Your Spells              Type           Power      Damage    Failure   Level
a - Summon Small Mammal   Summ           56%        N/A       4%          1
b - Call Imp              Summ           14%        N/A       6%          2

Your spell library contained the following spells:

 Spells                   Type           Power      Damage    Failure   Level
 Animate Skeleton         Necr           2%         N/A       22%         1
 Pain                     Necr           4%         1d4       22%         1
 Call Canine Familiar     Summ           14%        N/A       12%         3
 Summon Guardian Golem    Hex/Summ       7%         N/A       28%         3
 Vampiric Draining        Necr           1%         2d6       56%         3
 Summon Lightning Spire   Summ/Air       7%         N/A       67%         4


Dungeon Overview and Level Annotations

Branches:
Dungeon (1/15)

Altars:


Message History

Your bat hits the hobgoblin but does no damage.
The hobgoblin barely misses you.
The kobold hits your bat with a +4 short sword of protection!
Your bat dies!
Your bat's corpse disappears in a puff of smoke!
Your quokka closely misses the bat.
Your crimson imp hits the hobgoblin.
You barely miss the hobgoblin.
The hobgoblin is heavily wounded.
The bat barely misses your crimson imp. The hobgoblin barely misses you.
The hobgoblin completely misses your crimson imp.
The kobold throws a stone.
The stone hits you but does no damage.
Your quokka bites the bat.
The bat dies!
Your crimson imp hits the hobgoblin but does no damage.
The hobgoblin hits you. The hobgoblin hits your crimson imp.
You barely miss the hobgoblin.
The hobgoblin is heavily wounded.
The kobold throws a stone.
The stone hits you.
* * * LOW HITPOINT WARNING * * *
Your crimson imp hits the hobgoblin.
The dart slug launches a dart at you. The slug dart hits you.
* * * LOW HITPOINT WARNING * * *
The hobgoblin misses you.
The hobgoblin hits your crimson imp but does no damage.
Your quokka bites the hobgoblin.
The hobgoblin dies!
Your crimson imp hits the hobgoblin but does no damage.
The hobgoblin barely misses your crimson imp.
Your crimson imp hits the hobgoblin.
The hobgoblin hits your crimson imp.
The kobold hits you with a +4 short sword of protection.
* * * LOW HITPOINT WARNING * * *
You aren't carrying any potions.
Your quokka disappears in a puff of smoke!
Your crimson imp hits the hobgoblin but does no damage.
The hobgoblin misses your crimson imp.
Your crimson imp closely misses the hobgoblin.
The hobgoblin closely misses your crimson imp.
The kobold throws a stone.
The stone hits you.
You die...

..#...#.# #.#.####.#####..
........# #.#......# ###
#...#...# ######## ........#
..#...#.# ####
.....†..######.# #...
#...#.†.....w..# #...
.....g5§.####################
..#...#..K..@$...............
.......######################
#######


You could see a hobgoblin (ally target), a kobold and a friendly crimson imp
(summoned).

Vanquished Creatures
  An endoplasm (D:1)
  2 hobgoblins (D:1)
  A kobold (D:1)
  A bat (D:1)
  3 frilled lizards (D:1)
  3 rats (D:1)
11 creatures vanquished.

Vanquished Creatures (collateral kills)
  A bat (D:1)
  An endoplasm (D:1)
  2 hobgoblins (D:1)
  A frilled lizard (D:1)
  2 rats (D:1)
7 creatures vanquished.

Grand Total: 18 creatures vanquished

Notes
Turn   | Place    | Note
-------+----------+-------------------------------------------
     0 | D:1      | kae the Hill Orc Summoner began the quest for the Orb.
     0 | D:1      | Reached XP level 1. HP: 14/14 MP: 3/3
   378 | D:1      | Found a faded altar of an unknown god.
   726 | D:1      | Reached XP level 2. HP: 19/22 MP: 1/4
   729 | D:1      | Learned a level 2 spell: Call Imp
  1311 | D:1      | Hit by a stone thrown by a kobold

Illustrated notes

Levels and vault maps discovered:
D:1:      lightli_arrival_boilingwater, layout_basic,
          dreamdust_ecumenical_altar_statues, kennysheep_crisscross

Skill      XL: |  1  2 |
---------------+-------+-----
Stealth        | 2 |  2.0
Fighting       | |  0.9
Dodging        | |  1.5
Spellcasting   | |  1.7
Summonings     | |  4.2

Action                   || total
-------------------------++-------
Melee: Club              ||    53
       Unarmed           ||     5
 Cast: Summon Small Mamm ||    14
       Call Imp          ||     1
Armor: Robe              ||    15
Dodge: Dodged            ||    56

Table legend: (Time is in decaauts)
 A = Elapsed time spent in this place.
 B = Non-inter-level travel time spent in this place.
 C = Inter-level travel time spent in this place.
 D = Time resting spent in this place.
 E = Time spent auto-exploring this place.
 F = Levels seen in this place.
 G = Mean time per level.
                   A        B        C        D        E       F      G
               +--------+--------+--------+--------+--------+-----+--------+
         Total |   1328 |   1328 |      0 |    276 |    860 |   1 | 1328.0 |
       Dungeon |   1328 |   1328 |      0 |    276 |    860 |   1 | 1328.0 |
               +--------+--------+--------+--------+--------+-----+--------+

Top non-repeatable levels by time:
     D:1: 1328 daAuts
